 Dungeon Crawl Stone Soup version 0.24-a0-549-g45f0056d81 (webtiles) character file.

Game seed: 3618661395597235566

28191 MordorOrchid the Blocker (level 13, -10/80 HPs)
             Began as an Octopode Fighter on Aug 18, 2019.
             Was an Initiate of Gozag.
             Hit by a javelin thrown by a minotaur (27 damage)
             ... in a Gauntlet on Aug 19, 2019.
             The game lasted 01:47:10 (15818 turns).

MordorOrchid the Blocker (Octopode Fighter)        Turns: 15818, Time: 01:47:11

Health: -10/80     AC:  4    Str: 15    XL:     13   Next: 37%
Magic:  6/20       EV: 26    Int: 14    God:    Gozag
Gold:   3144       SH: 24    Dex: 20    Spells: 12/22 levels left

rFire    + . .     SeeInvis .   p - +9 trident "Guaroh" {venom, rC- Dex+6}
rCold    x . .     Gourm    .   b - +3 shield
rNeg     + + .     Faith    .   (helmet restricted)
rPois    +         Spirit   .   u - brooch of Shielding {Reflect SH+8}
rElec    .         Reflect  +   m - +3 ring of protection
rCorr    .         Harm     .   t - ring of positive energy
MR       .....     NoTele   +   o - +2 ring of evasion
Stlth    +++++.....             B - +3 ring of evasion
HPRegen  0.23/turn              A - ring of Kuroew {*Contam rF+ rN+ Dex+3}
MPRegen  0.17/turn              f - +2 ring of evasion
                                (no ring)
                                (no ring)

@: no status effects
A: almost no armour, stealthy swim, amphibious, 8 rings, constrict 8, camouflage
1, clumsy 1, poison resistance, gelatinous body 1
a: Potion Petition, Call Merchant, Bribe Branch, Renounce Religion


You were in a Gauntlet.
You worshipped Gozag.
Gozag was most pleased with you.
You were hungry.

You visited 3 branches of the dungeon, and saw 19 of its levels.
You also visited: Sewer and Gauntlet.

You collected 3665 gold pieces.
You spent 464 gold pieces at shops.
You paid 57 gold pieces to Gozag.

Inventory:

Hand Weapons
 a - a +4 trident of piercing
 j - a +0 hunting sling
 l - the +2 whip "Xaozosa" {freeze, Int+6 Dex+4}
   (You found it in a Gauntlet)

   It has been specially enchanted to freeze those struck by it, causing extra
   injury to most foes and up to half again as much damage against particularly
   susceptible opponents.
   It can also slow down cold-blooded creatures.
   It affects your intelligence (+6).
   It affects your dexterity (+4).
 p - the +9 trident "Guaroh" (weapon) {venom, rC- Dex+6}
   (You bought it in a shop on level 10 of the Dungeon)

   It poisons the flesh of those it strikes.
   It affects your dexterity (+6).
   It makes you vulnerable to cold.
 y - the +8 short sword of the Gnat {drain, Int+3 Stlth+}
   (You found it on level 9 of the Dungeon)

   A truly terrible weapon, it drains the life of those it strikes.
   It affects your intelligence (+3).
   It makes you more stealthy.
 O - a +3 quarterstaff of chaos
 V - a +2 dagger of holy wrath
 W - a +4 scimitar of flaming
Missiles
 h - 5 boomerangs (quivered)
 k - 137 sling bullets
 n - 8 javelins
 x - 2 atropa-tipped darts
 T - 29 poisoned darts
 U - a throwing net
Armour
 b - a +3 shield (worn)
 F - the -5 hat of the Sailor {rC+ Dex+3}
   (You found it in a Gauntlet)

   It affects your dexterity (+3).
   It protects you from cold.
Jewellery
 f - a +2 ring of evasion (on tentacle)
 m - a +3 ring of protection (left tentacle)
 o - a +2 ring of evasion (on tentacle)
 t - a ring of positive energy (right tentacle)
 u - the brooch of Shielding (around mantle) {Reflect SH+8}
   (You found it on level 4 of the Dungeon)

   [amulet of reflection]

   It shields you and reflects attacks.
   It affects your SH (+8).
 A - the ring of Kuroew (on tentacle) {*Contam rF+ rN+ Dex+3}
   (You found it on level 7 of the Dungeon)

   [ring of dexterity]

   It affects your dexterity (+3).
   It protects you from fire.
   It protects you from negative energy.
   It causes magical contamination when unequipped.
 B - a +3 ring of evasion (on tentacle)
Wands
 g - a wand of scattershot (5)
 i - a wand of acid (5)
 z - a wand of enslavement (11)
 C - a wand of iceblast (14)
 G - a wand of clouds (1)
 R - a wand of paralysis (8)
Scrolls
 e - a scroll of torment
 q - a scroll of fear
 w - 2 scrolls of immolation
 I - 5 scrolls of blinking
 K - 6 scrolls of teleportation
 N - 2 scrolls of fog
 P - 6 scrolls of remove curse
Potions
 c - 3 potions of haste
 r - a potion of mutation
 s - a potion of invisibility
 D - a potion of magic
 E - 3 potions of flight
 H - 2 potions of lignification
 J - 5 potions of curing
 M - 3 potions of ambrosia
Miscellaneous
 v - a box of beasts
Comestibles
 d - 21 rations


   Skills:
 * Level 4.3 Fighting
 - Level 4.0 Short Blades
 * Level 10.9 Polearms
 - Level 3.0 Throwing
 * Level 8.0 Dodging
 - Level 6.3 Stealth
 * Level 13.0 Shields
 * Level 5.3 Spellcasting
 - Level 3.0 Hexes
 - Level 4.0 Charms
 - Level 4.0 Necromancy
 - Level 2.0 Translocations
 - Level 5.0 Evocations


You had 12 spell levels left.
You knew the following spells:

 Your Spells              Type           Power        Failure   Level  Hunger
a - Spectral Weapon       Hex/Chrm       ##......     16%         3    ###....
b - Song of Slaying       Chrm           ###.....     6%          2    ##.....
k - Regeneration          Chrm/Necr      ##........   12%         3    ###....
y - Shroud of Golubria    Chrm/Tloc      ##....       10%         2    ##.....

Your spell library contained the following spells:

 Spells                   Type           Power        Failure   Level  Hunger
 Animate Skeleton         Necr           N/A          4%          1    None
 Infusion                 Chrm           ###.         4%          1    None
 Pain                     Necr           ##..         4%          1    None
 Vampiric Draining        Necr           ##........   12%         3    ###....
 Animate Dead             Necr           N/A          38%         4    ####...


Dungeon Overview and Level Annotations

Branches:
Dungeon (13/15)            Temple (1/1) D:4            Lair (5/6) D:9
  Swamp (0/4) Lair:4        Snake (0/4) Lair:3        Slime (0/5) Lair:5
    Orc (0/2) D:9
 Vaults: D:13-14

Altars:
Ashenzari
Cheibriados
Dithmenos
Elyvilon
Fedhas
Gozag
Hepliaklqana
Kikubaaqudgha
Makhleb
Nemelex Xobeh
Ru
Trog
Uskayaw
Vehumet
Wu Jian
Yredelemnul
Zin
The Shining One
Beogh

Shops:
D:10 (

Annotations:
D:10 Fannar
D:11 Erolcha
D:12 Jorgrun
Lair:2 exclusion: 2 oklob plants Gauntlet 6 transporters, exclusion: lightning spire


Innate Abilities, Weirdness & Mutations

You cannot wear most types of armour.
You are very stealthy in the water. (Stealth+)
You are amphibious.
You can wear up to eight rings at the same time.
You can use your tentacles to constrict eight enemies at once.
Your skin changes colour to match your surroundings (Stealth+).
Your rubbery body absorbs attacks. (AC +1, EV +1)
You are clumsy. (Dex -2)
Your system is resistant to poisons. (rPois)


Message History

Attack whom?
Press: ? - help, Dir - move target cursor, f/p - minotaur
Aim: a minotaur, wearing a +0 chain mail and wearing an uncursed ring of stealth (heavily wounded, slow, poisoned)
You reach to attack!
You hit the minotaur but do no damage.
The minotaur looks as sick as possible!
The minotaur is heavily wounded.
Attack whom?
Press: ? - help, Dir - move target cursor, f/p - minotaur
Aim: a minotaur, wearing a +0 chain mail and wearing an uncursed ring of stealth (heavily wounded, slow, poisoned)
You reach to attack!
You hit the minotaur but do no damage.
The minotaur looks as sick as possible!
The minotaur is heavily wounded.
The minotaur throws a javelin.
The javelin pierces through you!!
You are too injured to fight recklessly!
The minotaur throws a javelin.
The javelin pierces through you!
* * * LOW HITPOINT WARNING * * *
Your skin stops crawling.
The minotaur throws a javelin.
The javelin pierces through you!!
You die...
Your body crumbles into a pile of gold.

≈## ≈≈# ≈# ## ≈##
≈≈#.8.# ≈##...#
###.8.#############
.##...##........@(#
..#.8.##.########.#
∩.#...##.#(..(..#.#
..#.©.##.#H####.#.#
8.#......#.#$ #.#
..#.©.####(######H#
∩.#...# #.H..(...#
..#.8.# ##########
.##...#


You could see a minotaur.

Vanquished Creatures
  2 hydras (Lair:4)
  Erica (D:9)
  A centaur warrior (D:9)
  A two-headed ogre (D:11)
  Sonja (Lair:4)
  2 elephants (Lair:4)
  A moth of wrath (Gauntlet)
  2 black mambas (Lair:4)
  Joseph (D:7)
  5 spiny frogs
  An ice devil (Gauntlet)
  A polar bear (Lair:2)
  3 meliai (Gauntlet)
  A queen bee (Lair:2)
  A troll (D:11)
  Prince Ribbit (D:5)
  2 tyrant leeches (Lair:4)
  8 blink frogs
  A hornet (D:7)
  5 hippogriffs
  26 yaks
  A wraith (D:10)
  2 shadows
  6 wyverns
  Grum (D:9)
  A steam dragon (D:8)
  Menkaure (D:4)
  3 nagas (Lair:3)
  11 water moccasins
  5 orc warriors
  7 porcupines
  2 black bears
  3 ice beasts
  2 sky beasts
  Purgy (Sewer)
  6 ogres
  3 phantoms
  7 centaurs
  10 wolves
  8 crocodiles
  2 big kobolds
  10 bullfrogs
  A water moccasin zombie (D:9)
  4 scorpions
  22 killer bees
  3 wights (D:11)
  A howler monkey (D:9)
  7 electric eels
  5 crimson imps
  3 hounds
  Crazy Yiuf (D:6)
  3 jellies (D:5)
  4 orc priests
  A centaur skeleton (D:5)
  4 iguanas
  10 orc wizards
  15 worker ants
  A killer bee zombie (D:7)
  A hound zombie (D:6)
  5 worker ant zombies
  7 gnolls
  A howler monkey skeleton (D:7)
  18 adders
  2 white imps (Gauntlet)
  2 oozes (D:6)
  3 adder skeletons
  4 adder zombies
  5 worms
  A dart slug (D:1)
  4 leopard geckos
  40 orcs
  2 ball pythons
  6 giant cockroaches
  9 goblins
  10 hobgoblins
  2 quokkas
  8 bats
  10 frilled lizards
  15 kobolds
  11 rats
  A fungus (D:6)
411 creatures vanquished.

Vanquished Creatures (collateral kills)
  2 spiny frogs
  A killer bee (Lair:2)
  A centaur zombie (D:9)
  A worker ant (D:9)
  An adder (D:9)
  An orc (D:9)
7 creatures vanquished.

Vanquished Creatures (others)
  A tengu warrior (D:13)
  A swamp drake (D:9)
  2 centaurs (D:11)
  A kobold (D:11)
  4 fungi
  2 plants (Lair:2)
  3 spectral weapons
14 creatures vanquished.

Grand Total: 432 creatures vanquished

Notes
Turn   | Place    | Note
-------+----------+-------------------------------------------
     0 | D:1      | MordorOrchid the Octopode Fighter began the quest for the
                  | Orb.
     0 | D:1      | Reached XP level 1. HP: 16/16 MP: 1/1
    91 | D:1      | Reached skill level 1 in Stealth
   119 | D:1      | Reached XP level 2. HP: 21/21 MP: 2/2
   378 | D:1      | Reached XP level 3. HP: 26/26 MP: 3/3
  1000 | D:2      | Found a glowing silver altar of Zin.
  1450 | D:2      | Reached XP level 4. HP: 31/31 MP: 4/4
  2075 | D:3      | Reached XP level 5. HP: 36/36 MP: 5/5
  2344 | D:3      | Reached XP level 6. HP: 42/42 MP: 6/6
  2545 | D:4      | Noticed a phantom
  2588 | D:4      | Killed a phantom
  2588 | D:4      | Reached skill level 4 in Shields
  2712 | D:4      | Found a basalt altar of Yredelemnul.
  2714 | D:4      | Noticed Menkaure
  2719 | D:4      | Found the brooch of Shielding {Reflect SH+8}
  2719 | D:4      | Found an ancient bone altar of Kikubaaqudgha.
  2734 | D:4      | Reached skill level 5 in Polearms
  2804 | D:4      | Reached XP level 7. HP: 45/46 MP: 7/7
  2888 | D:4      | Reached skill level 5 in Stealth
  3283 | D:4      | Found a transporter.
  3291 | D:4      | Found a transporter.
  3335 | D:4      | Gained mutation: You are clumsy. (Dex -2) [potion of
                  | mutation]
  3335 | D:4      | Gained mutation: Your system is resistant to poisons.
                  | (rPois) [potion of mutation]
  3344 | D:4      | Killed Menkaure
  3471 | D:4      | Found a staircase to the Ecumenical Temple.
  3476 | Temple   | Entered the Ecumenical Temple
  3530 | Temple   | Became a worshipper of Gozag Ym Sagoz the Greedy
  3589 | D:5      | Entered Level 5 of the Dungeon
  3589 | D:5      | Noticed Prince Ribbit
  3691 | D:5      | Reached XP level 8. HP: 19/52 MP: 8/8
  3879 | D:5      | Reached skill level 5 in Shields
  3967 | D:5      | Killed Prince Ribbit
  4055 | D:5      | Reached skill level 5 in Dodging
  4284 | D:5      | Reached skill level 1 in Throwing
  4478 | D:6      | Reached XP level 9. HP: 56/56 MP: 9/9
  4485 | D:6      | Found a glowing drain.
  4647 | Sewer    | Entered a sewer
  4670 | Sewer    | Noticed Purgy
  4800 | Sewer    | Killed Purgy
  5006 | D:6      | Learned a level 1 spell: Animate Skeleton
  5268 | D:6      | Reached skill level 6 in Shields
  5268 | D:6      | Reached skill level 1 in Evocations
  5640 | D:6      | Reached skill level 1 in Necromancy
  5727 | D:6      | Found a runed translucent door.
  5728 | D:6      | Noticed Crazy Yiuf
  5739 | D:6      | Killed Crazy Yiuf
  5788 | D:6      | Reached skill level 1 in Spellcasting
  5825 | D:7      | Found a shadowy altar of Dithmenos.
  5841 | D:7      | Noticed a hornet
  5868 | D:7      | Killed a hornet
  6170 | D:7      | Reached XP level 10. HP: 63/63 MP: 13/13
  6180 | D:7      | Learned a level 3 spell: Regeneration
  6212 | D:7      | Noticed Joseph
  6234 | D:7      | Killed Joseph
  6248 | D:7      | Reached skill level 1 in Charms
  6529 | D:7      | Got a wavering golden ring
  6540 | D:7      | Identified the ring of Kuroew {*Contam rF+ rN+ Dex+3} (You
                  | found it on level 7 of the Dungeon)
  6615 | D:7      | Learned a level 2 spell: Shroud of Golubria
  6866 | D:8      | Reached skill level 7 in Shields
  7137 | D:8      | Reached skill level 1 in Translocations
  7195 | D:8      | Found a burning altar of Makhleb.
  7195 | D:8      | Found a snail-covered altar of Cheibriados.
  7568 | D:9      | Noticed a two-headed ogre
  7610 | D:9      | Noticed a centaur warrior
  7830 | D:9      | Found a staircase to the Orcish Mines.
  7887 | D:9      | Reached skill level 1 in Short Blades
  7937 | D:9      | Found a roughly hewn altar of Beogh.
  8023 | D:9      | Noticed Erica
  8135 | D:9      | Killed a centaur warrior
  8442 | D:9      | Reached XP level 11. HP: 68/68 MP: 15/15
  8560 | D:9      | Got a crystal short sword
  8666 | D:9      | Killed Erica
  8921 | D:9      | Reached skill level 8 in Shields
  9084 | D:9      | Found a staircase to the Lair.
  9233 | D:9      | Reached skill level 5 in Evocations
  9310 | D:9      | Noticed Grum
  9371 | Lair:1   | Entered Level 1 of the Lair of Beasts
  9447 | Lair:1   | Reached skill level 10 in Polearms
  9954 | Lair:1   | Reached skill level 9 in Shields
 10302 | Lair:2   | Identified the +8 short sword of the Gnat {drain, Int+3
                  | Stlth+} (You found it on level 9 of the Dungeon)
 10620 | Lair:2   | Reached skill level 10 in Shields
 10971 | Lair:2   | Noticed an oklob plant
 10971 | Lair:2   | Noticed an oklob plant
 11292 | Lair:1   | Reached XP level 12. HP: 38/74 MP: 14/17
 11847 | Lair:2   | Reached skill level 11 in Shields
 11872 | Lair:2   | Noticed a six-headed hydra
 12105 | Lair:3   | You fall into a shaft and drop 2 floors!
 12747 | Lair:3   | Learned a level 2 spell: Song of Slaying
 12751 | Lair:3   | Learned a level 3 spell: Spectral Weapon
 12785 | Lair:3   | Reached skill level 12 in Shields
 12890 | Lair:3   | Found a staircase to the Snake Pit.
 13350 | Lair:4   | Noticed Sonja
 13452 | Lair:4   | Reached skill level 1 in Hexes
 13491 | Lair:4   | Killed Sonja
 13593 | Lair:4   | Noticed a seven-headed hydra
 13603 | Lair:4   | Killed a seven-headed hydra
 13621 | Lair:4   | Noticed a seven-headed hydra
 13635 | Lair:4   | Killed a five-headed hydra
 13703 | Lair:4   | Reached XP level 13. HP: 77/79 MP: 20/20
 13965 | Lair:4   | Found a staircase to the Swamp.
 14046 | Lair:3   | Upgraded the game from 0.24-a0-545-gd1b266bae6 to
                  | 0.24-a0-549-g45f0056d81
 14228 | D:9      | Killed Grum
 14232 | D:9      | Reached skill level 5 in Spellcasting
 14278 | D:10     | Entered Level 10 of the Dungeon
 14496 | D:10     | Noticed Fannar
 14815 | D:11     | Noticed Erolcha
 14953 | D:10     | Found Muskiho's Antique Weapon Shoppe.
 14963 | D:10     | Bought an ichor-stained trident for 263 gold pieces
 14963 | D:10     | Identified the +9 trident "Guaroh" {venom, rC- Dex+6} (You
                  | bought it in a shop on level 10 of the Dungeon)
 14965 | D:10     | Bought a runed trident for 201 gold pieces
 15230 | D:11     | You fall into a shaft and drop 2 floors!
 15315 | D:12     | Found a blossoming altar of Fedhas.
 15404 | D:12     | Found a gate leading to a gauntlet.
 15414 | D:12     | Noticed Jorgrun
 15421 | Gauntlet | Entered a Gauntlet
 15421 | Gauntlet | Found a transporter.
 15421 | Gauntlet | Found a transporter.
 15429 | Gauntlet | Found a transporter.
 15433 | Gauntlet | Found a transporter.
 15449 | Gauntlet | Found a transporter.
 15450 | Gauntlet | Found a transporter.
 15459 | Gauntlet | Found a transporter.
 15475 | Gauntlet | Found a runed translucent gate.
 15476 | Gauntlet | Found a transporter.
 15476 | Gauntlet | Found a runed translucent gate.
 15477 | Gauntlet | Found a runed translucent gate.
 15490 | Gauntlet | Found a transporter.
 15494 | Gauntlet | Found a transporter.
 15508 | Gauntlet | Found a transporter.
 15509 | Gauntlet | Found a transporter.
 15661 | Gauntlet | Reached skill level 13 in Shields
 15683 | Gauntlet | Got a scorched whip
 15695 | Gauntlet | Identified the +2 whip "Xaozosa" {freeze, Int+6 Dex+4} (You
                  | found it in a Gauntlet)
 15736 | Gauntlet | Got a heavily runed hat
 15746 | Gauntlet | Identified the -5 hat of the Sailor {rC+ Dex+3} (You found
                  | it in a Gauntlet)
 15785 | Gauntlet | Noticed a minotaur
 15818 | Gauntlet | Hit by a javelin thrown by a minotaur

Levels and vault maps discovered:
D:1:      zelgadis_glass_arrival_small, layout_loops_ring
D:2:      layout_basic, lemuel_crystal_altar, first_ration,
          minmay_goblin_kobold_house
D:3:      layout_rooms, grunt_decor_fettered
D:4:      layout_basic, gammafunk_temple_of_torment, temple_doors_ab,
          minmay_misc_feat_cross
D:5:      layout_basic, minmay_fractal_squares_diagonal_5, uniq_prince_ribbit1
D:6:      layout_cave_pools, gup_sewer_entry_glass, serial_bayou_lake_a,
          uniq_crazy_yiuf_cottage
D:7:      statuecave_lemuel, layout_rooms, lemuel_doored_altar, minivault_14,
          uniq_joseph
D:8:      layout_basic, gammafunk_temple_overflow_elements, blue_anna_alchemist
          [blue_anna_fruit_fields, blue_anna_fruit_fields],
          grunt_decor_mini_mirrors
D:9:      minmay_four_partial_circles, layout_irregular_city, erik_lair_dragon,
          minmay_orc_entry_temple_small, uniq_grum, uniq_erica
D:10:     layout_roguey, serial_shops, shop, minmay_misc_feat_square,
          uniq_fannar
D:11:     layout_big_octagon, uniq_erolcha
D:12:     layout_roguey, basic_altar, gauntlet_entry_generic, uniq_jorgrun
D:13:     layout_loops_ring, hangedman_vaults_entry_quadrant_bands,
          serial_shops, shop_fountains, basic_altar, lemuel_flame_loot_1
Temple:   regret_index_temple_sphere_string
Lair:1:   layout_regular_city
Lair:2:   cheibrodos_lair_river_kwai, layout_concentric_octagons, special_room
          [special_room_bee], st_stairs_12, minmay_lair_oklob_chamber,
          lemuel_fruit_fields
Lair:3:   layout_gridlike, guppyfry_snake_entry_island
Lair:4:   layout_cave_pods, minmay_swamp_entry_worms, beast_lair_carwin_3,
          uniq_sonja
Lair:5:   layout_concentric_octagons, minmay_slime_entry_oklob_open,
          grunt_megastairs_2, lemuel_fruit_tree
Gauntlet: minmay_gauntlet_77_indecision [minmay_gauntlet_arena_77_mess,
          minmay_gauntlet_arena_77_terracotta_army,
          minmay_gauntlet_arena_77_block_sizes,
          minmay_gauntlet_arena_77_tiled_triplets,
          minmay_gauntlet_arena_77_radiant_squares,
          minmay_gauntlet_arena_77_run_for_it, gauntlet_exit_spiral]

Skill      XL: |  1  2  3  4  5  6  7  8  9 10 11 12 13 |
---------------+----------------------------------------+-----
Stealth        | 1 2 3 4 5 6 |  6.3
Polearms       | 3 4 5 6 7 8 9 10 | 10.9
Shields        | 4 5 6 7 10 12 13 | 13.0
Dodging        | 4 5 6 7 8 |  8.0
Throwing       | 1 3 |  3.0
Evocations     | 3 4 5 |  5.0
Necromancy     | 2 3 4 |  4.0
Spellcasting   | 2 3 4 5 |  5.3
Charms         | 2 4 |  4.0
Translocations | 2 |  2.0
Short Blades   | 1 2 4 |  4.0
Fighting       | 4 |  4.3
Hexes          | 2 3 |  3.0

Action                   |  1- 3 |  4- 6 |  7- 9 | 10-12 | 13-15 || total
-------------------------+-------+-------+-------+-------+-------++-------
Melee: Trident           |    71 |   107 |   273 |   964 |   184 ||  1599
       Tentacles         |     8 |    19 |    39 |   218 |    38 ||   322
       Constrict         |    11 |    17 |    41 |    83 |    22 ||   174
       Short sword       |       |       |       |     7 |     1 ||     8
       Dagger            |       |       |       |     2 |       ||     2
       Scimitar          |       |       |       |     1 |       ||     1
 Fire: Hunting sling     |       |    13 |       |       |       ||    13
Throw: Javelin           |     1 |       |       |       |       ||     1
       Dart              |     1 |    54 |    87 |    83 |    21 ||   246
       Boomerang         |       |       |       |    94 |     6 ||   100
       Throwing net      |       |       |       |     2 |       ||     2
 Cast: Shroud of Golubri |       |       |       |    38 |    10 ||    48
       Regeneration      |       |       |       |     9 |    10 ||    19
       Spectral Weapon   |       |       |       |     1 |    12 ||    13
       Song of Slaying   |       |       |       |       |     2 ||     2
Evoke: Wand              |       |       |    31 |    38 |       ||    69
  Use: Scroll            |     3 |     2 |     7 |    13 |     6 ||    31
       Potion            |       |     3 |     5 |     1 |       ||     9
 Stab: Sleeping          |    29 |     4 |    11 |    12 |     8 ||    64
       Distracted        |       |     1 |     1 |     4 |     2 ||     8
       Confused          |       |       |       |     2 |       ||     2
  Eat: Chunk             |     2 |     5 |     2 |       |       ||     9
       Ration            |       |       |     3 |     9 |     2 ||    14
Armor: Skin              |     6 |    11 |    16 |    24 |       ||    57
Dodge: Dodged            |     8 |    43 |    66 |   267 |    38 ||   422
Block: Shield            |    10 |    29 |   101 |   703 |   101 ||   944
       Reflection        |       |       |     1 |    13 |    13 ||    27
       Rpst.: Scimitar   |       |       |       |     1 |       ||     1

Table legend:
 A = Non-vault XP
 B = Vault XP
 C = Vault XP percentage of total XP
 D = Non-vault monster count
 E = Vault monster count
 F = Vault count percentage of total count
                 A         B        C        D         E       F
            +---------+---------+-------+---------+---------+-------
      Total |   27366 |   12907 |  32.0 |     326 |      93 |  22.2
            +---------+---------+-------+---------+---------+-------
        D:1 |      51 |       0 |   0.0 |      28 |       0 |   0.0
        D:2 |      31 |       8 |  20.5 |      15 |       4 |  21.1
        D:3 |     246 |       0 |   0.0 |      33 |       0 |   0.0
        D:4 |     537 |     213 |  28.4 |      19 |       4 |  17.4
        D:5 |     796 |     402 |  33.6 |      23 |       5 |  17.9
        D:6 |    1068 |      56 |   5.0 |      26 |       3 |  10.3
        D:7 |    1427 |     466 |  24.6 |      29 |       1 |   3.3
        D:8 |    1793 |     184 |   9.3 |      26 |       3 |  10.3
        D:9 |    2752 |    3330 |  54.8 |      25 |      23 |  47.9
       D:10 |     798 |       0 |   0.0 |      10 |       0 |   0.0
       D:11 |    2851 |       0 |   0.0 |      23 |       0 |   0.0
       D:12 |      85 |       0 |   0.0 |       1 |       0 |   0.0
       D:13 |      90 |       0 |   0.0 |       1 |       0 |   0.0
     Lair:1 |    2578 |     122 |   4.5 |      14 |       2 |  12.5
     Lair:2 |    3650 |    2324 |  38.9 |      19 |      19 |  50.0
     Lair:3 |    3714 |     486 |  11.6 |      19 |       3 |  13.6
     Lair:4 |    4792 |    3065 |  39.0 |      14 |       8 |  36.4
     Lair:5 |     107 |       0 |   0.0 |       1 |       0 |   0.0
      Sewer |       0 |     144 | 100.0 |       0 |       8 | 100.0
   Gauntlet |       0 |    2107 | 100.0 |       0 |      10 | 100.0
            +---------+---------+-------+---------+---------+-------
